 Dungeon Crawl Stone Soup version 0.20-a0-791-gf6451d4 (webtiles) character file.

130 Amciq the Skirmisher (level 5, -9/47 HPs)
             Began as a Hill Orc Fighter on Mar 1, 2017.
             Mangled by a gnoll
             ... wielding a +0 halberd
              (15 damage)
             ... on level 2 of the Dungeon.
             The game lasted 00:03:41 (2386 turns).

Amciq the Skirmisher (Hill Orc Fighter)             Turns: 2386, Time: 00:03:41

Health: -9/47      AC:  7    Str: 22 (24) XL:     5   Next: 13%
Magic:  5/5        EV:  7    Int:  5 (8)  God:
Gold:   106        SH:  9    Dex: 10 (11) Spells: 4/4 levels left

rFire    . . .     SeeInvis .   a - +0 war axe
rCold    . . .     Gourm    .   b - +0 scale mail
rNeg     . . .     Faith    .   c - +0 shield
rPois    .         Spirit   .   (no helmet)
rElec    .         Reflect  .   (no cloak)
rCorr    .         Harm     .   (no gloves)
MR       .....                  (no boots)
Stlth    ..........             (no amulet)
Regen    0.2/turn               (no ring)
MPRegen  0.1/turn               (no ring)

@: mighty, flying
A: no striking features
a: no special abilities


You were on level 2 of the Dungeon.
You were hungry.

You visited 1 branch of the dungeon, and saw 3 of its levels.

You collected 106 gold pieces.

Inventory:

Hand Weapons
 a - a +0 war axe (weapon)
Armour
 b - a +0 scale mail (worn)
 c - a +0 shield (worn)
Scrolls
 e - 4 scrolls of identify {unknown}
 h - 3 scrolls of blinking {unknown}
 k - 2 scrolls of enchant weapon {unknown}
 m - a scroll of amnesia {unknown}
 o - a scroll of noise {unknown}
 u - a scroll of recharging {unknown}
 v - a scroll of teleportation {unknown}
Potions
 j - a potion of cancellation {unknown}
 l - 2 potions of agility
 n - a potion of degeneration
Comestibles
 f - a bread ration
 q - 4 fruits
 t - 2 royal jellies


   Skills:
 + Level 4.4 Fighting
 + Level 4.2 Axes
 + Level 4.0 Armour
 + Level 4.3 Shields


You had 4 spell levels left.
You didn't know any spells.

Dungeon Overview and Level Annotations

Branches:
Dungeon (3/15)

Altars:
Okawaru
Uskayaw


Message History

You closely miss the gnoll.
The gnoll is lightly wounded.
You feel less invigorated.
You feel less confused. The gnoll closely misses you.
The gnoll hits you but does no damage. You block the gnoll's attack.
Your shield and scale mail prevent you from hitting the gnoll.
The gnoll is lightly wounded.
The gnoll hits you but does no damage. The gnoll closely misses you.
Okay, then.
You feel very mighty all of a sudden. You block the gnoll's attack.
The gnoll closely misses you.
You slash the gnoll!
You kill the gnoll!
The gnoll hits you from afar with a halberd!
* * * LOW HITPOINT WARNING * * *
You see here a flail.
You barely miss the gnoll. The gnoll completely misses you.
The gnoll hits you with a halberd!
You die...

#............# #.#
###.###.##.##..######.#
.....(..#...........#.#
###.#####.#.#..####.#.#
#.........#....# #.#.#
############...####.#.# .....#
#........#.# ..)..#
##รท..#####.########### .....#
#.>g@................ .....#
#.#.#####.###...##.## .....#
#...)...........##..# ..#.##
##.....##.###...###.# ..#.#
#.....##.# #.### #.# ....#
#.....##.# #.# #.. ....#
#.....##)###.# #.# ....#
########.....##.#...# ##..
###.###.......#.#####.#.######...


You could see a gnoll.

Vanquished Creatures
  5 adders
  2 gnolls (D:2)
  2 worms
  2 leopard geckos (D:2)
  5 orcs (D:3)
  2 giant cockroaches (D:2)
  6 goblins
  7 hobgoblins
  7 kobolds
  A ball python (D:1)
  9 bats
  4 frilled lizards
  3 rats (D:1)
55 creatures vanquished.

Notes
Turn   | Place    | Note
-------+----------+-------------------------------------------
     0 | D:1      | Amciq the Hill Orc Fighter began the quest for the Orb.
     0 | D:1      | Reached XP level 1. HP: 19/19 MP: 1/1
   209 | D:1      | Reached XP level 2. HP: 25/27 MP: 2/2
   664 | D:2      | Reached XP level 3. HP: 15/33 MP: 3/3
  1038 | D:2      | Reached XP level 4. HP: 36/40 MP: 4/4
  1147 | D:2      | Found an iron altar of Okawaru.
  1784 | D:3      | Found a hide-covered altar of Uskayaw.
  2111 | D:2      | Reached XP level 5. HP: 8/47 MP: 5/5
  2386 | D:2      | Mangled by a gnoll

Vault maps used:
D:1:      dpeg_arrival_rooms_b
D:2:      nicolae_overflow_crystal_walls
D:3:      eat_drink_and_be_merry_uskayaw, yredelemnul_altar_generic,
          minmay_misc_feat_five, wad_floor_pattern_untrapped, minmay_cut_off

Skill      XL: |  1  2  3  4 |
---------------+-------------+-----
Axes           | 3 4 |  4.2
Fighting       | 4 |  4.4
Shields        | 4 |  4.3
Armour         | 4 |  4.0

Action                   |  1- 3 |  4- 6 || total
-------------------------+-------+-------++-------
Melee: War axe           |   101 |    78 ||   179
  Use: Potion            |       |     7 ||     7
  Eat: Chunk             |     1 |     3 ||     4
Armor: Scale mail        |    46 |    31 ||    77
Dodge: Dodged            |    30 |    32 ||    62
Block: Shield            |    54 |    42 ||    96
